 Dungeon Crawl Stone Soup version 0.26.1-2-gb8aa6d0cf2 (webtiles) character file.

Game seed: 13823454384508677827

6930 Gadfly the Basher (level 11, -1/68 HPs)
             Began as a Gargoyle Fighter on Feb 27, 2021.
             Was an Initiate of Gozag.
             Killed by divine providence
             ... invoked by a meliai
              (16 damage)
             ... on level 10 of the Dungeon.
             The game lasted 00:19:03 (10151 turns).

Gadfly the Basher (Gargoyle Fighter)               Turns: 10151, Time: 00:19:05

Health: -1/68      AC: 34    Str: 22    XL:     11   Next: 7%
Magic:  11/11      EV:  2    Int:  9    God:    Gozag
Gold:   1080       SH: 11    Dex: 10    Spells: 10/10 levels left

rFire    + . .     SeeInvis .   a - +4 flail (protect)
rCold    + . .     Faith    .   c - +0 kite shield
rNeg     + . .     Spirit   .   z - +0 gold dragon scales
rPois    ∞         Reflect  .   D - +0 helmet
rElec    +         Harm     .   (no cloak)
rCorr    .         Rampage  .   g - +2 pair of gloves
Will     +....                  o - +0 pair of boots
Stlth    ..........             w - amulet of regeneration
HPRegen  0.61/turn              h - +4 ring of protection
MPRegen  0.12/turn              F - ring of willpower

@: no status effects
A: negative energy resistance 1, electricity resistance, unbreathing,
petrification resistance, miasma immunity, AC +8
a: Renounce Religion, Potion Petition, Call Merchant, Bribe Branch


You were on level 10 of the Dungeon.
You worshipped Gozag.
Gozag was most pleased with you.
You visited 2 branches of the dungeon, and saw 11 of its levels.
You also visited: Bailey.

You collected 1154 gold pieces.
You paid 74 gold pieces to Gozag.

Inventory:

Hand Weapons
 a - a +4 flail of protection (weapon)
 b - a +2 vampiric broad axe
 C - a +0 morningstar
 E - a +4 flail of protection
Armour
 c - a +0 kite shield (worn)
 g - a +2 pair of gloves (worn)
 o - a +0 pair of boots (worn)
 z - +0 gold dragon scales (worn)
 D - a +0 helmet (worn)
Jewellery
 h - a +4 ring of protection (left hand)
 m - an uncursed ring of positive energy
 w - an amulet of regeneration (around neck)
 y - an uncursed ring of resist corrosion
 A - an uncursed ring of positive energy
 F - a ring of willpower (right hand)
Wands
 q - a wand of polymorph (9)
 r - a wand of paralysis (17) (quivered)
Scrolls
 i - a scroll of enchant armour
 k - 7 scrolls of enchant weapon
 l - 6 scrolls of remove curse
 n - 3 scrolls of blinking
 t - 3 scrolls of teleportation
 u - 2 scrolls of fog
 B - a scroll of identify
Potions
 d - 2 potions of might
 e - a potion of curing
 f - 3 potions of attraction
 j - 4 potions of lignification
 p - a potion of cancellation
 s - 2 potions of heal wounds
 v - 2 potions of resistance
 x - a potion of haste


   Skills:
 + Level 7.8 Fighting
 * Level 9.2 Maces & Flails
 + Level 7.6 Armour
 + Level 7.5 Shields
 * Level 8.1 Evocations


You had 10 spell levels left.
You didn't know any spells.
Your spell library contained the following spells:

 Spells                   Type           Power        Failure   Level
 Searing Ray              Conj           0%           100%        2
 Wereblood                Tmut           0%           100%        2
 Conjure Flame            Conj/Fire      0%           100%        3
 Fulminant Prism          Conj/Hex       0%           100%        4
 Iskenderun's Mystic Bla  Conj/Tloc      0%           100%        4
 Lightning Bolt           Conj/Air       0%           100%        5


Dungeon Overview and Level Annotations

Branches:
Dungeon (10/15)            Temple (1/1) D:7          Bailey (visited)
   Lair: D:8-11         Orc: D:9-12

Altars:
Ashenzari
Cheibriados
Dithmenos
Elyvilon
Fedhas
Gozag
Hepliaklqana
Kikubaaqudgha
Makhleb
Nemelex Xobeh
Okawaru
Qazlal
Ru
Sif Muna
Trog
Uskayaw
Vehumet
Wu Jian
Xom
Yredelemnul
Zin
The Shining One

Shops:
D:5 :   D:8 (


Innate Abilities, Weirdness & Mutations

You are resistant to torment.
Your stone body is resilient. (AC +8)
You are immune to poison.
You resist negative energy. (rN+)
You are resistant to electric shocks. (rElec)
You can survive without breathing.
You are immune to petrification.
You are immune to miasma.


Message History

You closely miss the meliai.
The meliai is moderately wounded.
The meliai hits you but does no damage. You block the meliai's attack.
The meliai hits you but does no damage. You block the meliai's attack.
The meliai barely misses you.
The meliai stings you but does no damage.
You block the meliai's attack. The meliai barely misses you.
The meliai hits you but does no damage.
The meliai stings you but does no damage.
The meliai hits you but does no damage.
The meliai stings you but does no damage.
You barely miss the meliai.
The meliai is moderately wounded.
The meliai invokes the aid of its god against you.
Something smites you!
* * * LOW HITPOINT WARNING * * *
The meliai calls down the wrath of its god upon you.
Something smites you!
You die...
Your body crumbles into a pile of gold.

.. . .# .#
#.### ..#
...####..#
#..yy..#
##.@y..#
#..###....#
#.#.# ... #
#.# # #.#
#.# #.# #.#
#.#


You could see 3 meliai.

Vanquished Creatures
  A two-headed ogre (D:9)
  A hornet (D:8)
  Sigmund (D:2)
  4 yaks (D:9)
  Duvessa (D:7)
  A floating eye (Bailey)
  15 orc warriors
  A sky beast (D:6)
  3 ogres
  2 ice beasts
  2 necrophages (D:6)
  5 centaurs
  A big kobold (D:6)
  5 bullfrogs
  Dowan (D:7)
  2 scorpions (D:8)
  16 killer bees
  A howler monkey (D:3)
  2 electric eels (D:6)
  A centaur zombie (D:5)
  A bullfrog zombie (D:6)
  3 orc priests
  A centaur skeleton (D:7)
  3 hounds
  2 jellies
  Terence (D:3)
  2 iguanas
  9 orc wizards
  13 worker ants
  A mummy (D:8)
  A worker ant zombie (D:7)
  3 gnolls (D:3)
  9 adders
  2 white imps (D:7)
  4 ufetubi
  3 oozes
  4 worms (D:2)
  2 leopard geckos
  43 orcs
  9 bats
  5 giant cockroaches
  13 goblins
  6 hobgoblins
  5 jackals
  A quokka (D:4)
  A ball python (D:7)
  6 frilled lizards
  13 kobolds
  2 quokka skeletons
  A quokka zombie (D:5)
  6 rats
241 creatures vanquished.

Vanquished Creatures (others)
  4 plants (D:6)
4 creatures vanquished.

Grand Total: 245 creatures vanquished

Notes
Turn   | Place    | Note
-------+----------+-------------------------------------------
     0 | D:1      | Gadfly the Gargoyle Fighter began the quest for the Orb.
     0 | D:1      | Reached XP level 1. HP: 14/14 MP: 1/1
    68 | D:1      | Found a shimmering altar of Xom.
   136 | D:1      | Reached XP level 2. HP: 15/19 MP: 2/2
   252 | D:1      | Reached skill level 1 in Evocations
   316 | D:1      | Reached XP level 3. HP: 23/23 MP: 3/3
  1253 | D:2      | Reached XP level 4. HP: 29/29 MP: 4/4
  1500 | D:2      | Noticed Sigmund
  1507 | D:2      | Killed Sigmund
  1508 | D:2      | Reached skill level 3 in Maces & Flails
  1508 | D:2      | Reached XP level 5. HP: 29/33 MP: 5/5
  1596 | D:2      | Reached XP level 6. HP: 38/38 MP: 6/6
  1749 | D:2      | Found a faded altar of an unknown god.
  2058 | D:3      | Noticed Terence
  2076 | D:3      | Killed Terence
  2093 | D:3      | Reached skill level 4 in Maces & Flails
  2236 | D:3      | You fall into a shaft and drop 3 floors!
  2243 | D:6      | Noticed an ice beast
  2266 | D:6      | Killed an ice beast
  2267 | D:6      | Reached XP level 7. HP: 38/44 MP: 7/7
  2374 | D:5      | Entered Level 5 of the Dungeon
  2374 | D:5      | Found Huamarimy's Book Emporium.
  3759 | D:5      | Identified the Compendium of Igneous Conjuration
  3927 | D:5      | Reached skill level 5 in Maces & Flails
  3940 | D:5      | Reached XP level 8. HP: 44/48 MP: 8/8
  4160 | D:5      | Identified the Grimoire of Unstable Attacks
  4625 | D:6      | Reached skill level 5 in Fighting
  4625 | D:6      | Reached skill level 5 in Armour
  5406 | D:7      | Reached skill level 5 in Shields
  5668 | D:6      | Reached skill level 6 in Maces & Flails
  5677 | D:6      | Reached skill level 5 in Evocations
  5886 | D:6      | Reached XP level 9. HP: 40/55 MP: 9/9
  6062 | D:7      | Noticed Duvessa
  6063 | D:7      | Noticed Dowan
  6081 | D:7      | Killed Duvessa
  6085 | D:7      | Killed Dowan
  6269 | D:7      | Found a staircase to the Ecumenical Temple.
  6313 | Temple   | Entered the Ecumenical Temple
  6362 | Temple   | Became a worshipper of Gozag Ym Sagoz the Greedy
  6710 | D:7      | Reached skill level 7 in Maces & Flails
  7454 | D:8      | Noticed a hornet
  7470 | D:8      | Killed a hornet
  7471 | D:8      | Reached XP level 10. HP: 61/61 MP: 10/10
  7754 | D:8      | Found a snail-covered altar of Cheibriados.
  7971 | D:8      | Reached skill level 8 in Maces & Flails
  8109 | D:8      | Found Sityba's Antique Weapon Shop.
  8641 | D:9      | Found a flagged portal.
  8777 | Bailey   | Entered a bailey
  9380 | Bailey   | Noticed an orc knight
  9410 | Bailey   | an orc knight changed into a floating eye
  9515 | Bailey   | Reached skill level 9 in Maces & Flails
  9853 | D:9      | Noticed a two-headed ogre
  9862 | D:9      | Killed a two-headed ogre
  9863 | D:9      | Reached XP level 11. HP: 54/68 MP: 11/11
 10113 | D:10     | Entered Level 10 of the Dungeon
 10151 | D:10     | Killed from afar by a meliai

Illustrated notes

Levels and vault maps discovered:
D:1:      minmay_arrival_stair_chambers, layout_loops_ring,
          minmay_misc_feat_square, amethyst_killhole, st_stairs_13,
          xom_teletrap_fun
D:2:      layout_loops_corners, chequers_ecumenical_altar_grove,
          serial_bayou_pond_e, minmay_tromino_i2, uniq_sigmund
D:3:      layout_rooms, st_stairs_10, uniq_terence
D:4:      layout_loops_corners, minmay_unequal
D:5:      layout_layer_cave, serial_shops, shop
D:6:      layout_loops_cross, serial_bayou, serial_bayou_shore_b,
          serial_bayou_lagoon_b, serial_bayou_shore_b, serial_bayou_shore_a,
          minmay_circle_x
D:7:      layout_cave_pools, minmay_temple_entry_enclosed_plants, uniq_duvessa
D:8:      layout_loops_cross, slow_altar_2, serial_shops, kennysheep_mini_moat
D:9:      layout_basic, enter_bailey_8
D:10:     layout_loops_ring, kennysheep_generic_room_4
Temple:   nicolae_temple_the_god_donut

Skill      XL: |  1  2  3  4  5  6  7  8  9 10 |
---------------+-------------------------------+-----
Evocations     | 1 2 3 4 5 6 8 |  8.1
Fighting       | 4 5 6 7 |  7.8
Maces & Flails | 3 4 5 6 7 9 |  9.2
Armour         | 4 5 6 7 |  7.6
Shields        | 4 5 6 7 |  7.5

Action                   |  1- 3 |  4- 6 |  7- 9 | 10-12 || total
-------------------------+-------+-------+-------+-------++-------
Melee: Flail             |   107 |   148 |   465 |   416 ||  1136
Evoke: Wand              |       |       |       |     6 ||     6
  Use: Scroll            |     5 |     3 |    12 |       ||    20
       Potion            |       |       |     2 |       ||     2
 Stab: Distracted        |       |       |     1 |     1 ||     2
Armor: Scale mail        |    51 |    32 |       |       ||    83
       Plate armour      |       |    82 |   470 |    14 ||   566
       Gold dragon scale |       |       |       |   286 ||   286
Dodge: Dodged            |    29 |    38 |   124 |    28 ||   219
Block: Kite shield       |    49 |    85 |   311 |   235 ||   680
